 Dungeon Crawl Stone Soup version 0.31-a0-532-g28f74ba3e5 (webtiles) character file.

Game seed: 8346265989897579148

603 duskshroud the Chopper (level 7, -4/66 HPs)
             Began as a Minotaur Berserker on Aug 12, 2023.
             Was a Believer of Trog.
             Slain by Prince Ribbit (7 damage)
             ... on level 4 of the Dungeon.
             The game lasted 00:10:32 (2852 turns).

duskshroud the Chopper (Minotaur Berserker)         Turns: 2852, Time: 00:10:32

Health: -4/66      AC: 10    Str: 24    XL:     7   Next: 18%
Magic:  6/6        EV: 11    Int: 10    God:    Trog [**....]
Gold:   224        SH:  0    Dex:  9    Spells: 6/6 levels left

rFire   . . .        m - +0 dire flail
rCold   . . .        (shield currently unavailable)
rNeg    . . .        f - +4 ring mail
rPois   .            (helmet restricted)
rElec   .            (no cloak)
rCorr   .            s - +0 pair of gloves
SInv    .            (no boots)
Will    +....        (no amulet) Stlth
                     l - +6 ring of intelligence
HPRegen 0.31/turn    (no ring)
MPRegen 0.10/turn

%: no passive effects
@: on berserk cooldown, enlightened, flying
A: horns 2, retaliatory headbutt
a: Renounce Religion, Berserk, Trog's Hand


You were on level 4 of the Dungeon.
You worshipped Trog.
Trog was pleased with you.
You visited 1 branch of the dungeon, and saw 5 of its levels.

You collected 224 gold pieces.

Inventory:

Hand Weapons
 m - a +0 dire flail (weapon)
 r - a +0 shortbow
Armour
 f - a +4 ring mail (worn)
 s - a +0 pair of gloves (worn)
Jewellery
 l - a +6 ring of intelligence (left hand)
Wands
 o - a wand of polymorph (11)
Scrolls
 b - a scroll of poison {unknown}
 c - a scroll of noise {unknown}
 d - a scroll of vulnerability {unknown}
 e - a scroll of teleportation {unknown}
 i - 3 scrolls of identify {unknown}
 j - a scroll of revelation {unknown}
 q - a scroll of blinking {unknown}
 v - a scroll of enchant armour {unknown}
Potions
 a - a potion of haste {unknown}
 g - 2 potions of enlightenment
 h - a potion of brilliance {unknown}
 k - a potion of attraction {unknown}
 n - a potion of heal wounds
 p - a potion of berserk rage {unknown}
 t - 2 potions of lignification {unknown}
 u - a potion of might {unknown}


   Skills:
 + Level 7.5 Fighting
 + Level 7.5 Axes
 - Level 2.4 Armour
 - Level 2.1 Dodging


You had 6 spell levels left.
You didn't know any spells.
Your spell library was empty.

Dungeon Overview and Level Annotations

Branches:
Dungeon (5/15)
 Temple: D:4-7

Altars:

Annotations:
D:4 Prince Ribbit


Innate Abilities, Weirdness & Mutations

You have a pair of horns on your head.
You reflexively headbutt those who attack you in melee.


Message History

Something hits you but does no damage.
Prince Ribbit lets out a mournful croak.
Prince Ribbit barely misses you.
Prince Ribbit blinks!
Something barely misses you.
You puncture Prince Ribbit!
Prince Ribbit is heavily wounded.
You feel yourself speed up. Prince Ribbit hits you!
Prince Ribbit blinks!
The iguana closely misses you. Something hits you.
* * * LOW HITPOINT WARNING * * *
You puncture the iguana!
You kill the iguana!
Trog accepts your kill.
An orc wizard appears from thin air!
Reactivating autopickup.
The orc wizard hits you but does no damage.
You miss the orc wizard.
The orc wizard is heavily wounded.
The orc wizard hits you but does no damage.
Prince Ribbit blinks!
The orc wizard casts a spell at you. The puff of flame hits you!
* * * LOW HITPOINT WARNING * * *
You completely miss the orc wizard.
The orc wizard is heavily wounded.
The orc wizard gestures at you while chanting.
You resist with almost no effort.
There is a stone staircase leading up here.
There are monsters nearby!
Prince Ribbit misses you. Prince Ribbit hits you!
* * * LOW HITPOINT WARNING * * *
The orc wizard barely misses you. You furiously retaliate!
You headbutt the orc wizard!
You fly upwards.
There is a stone staircase leading down here.
The orc wizard casts a spell.
The orc wizard flickers and vanishes!
Deactivating autopickup; reactivate with Ctrl-A.
Prince Ribbit attacks as you move away! Prince Ribbit hits you!
You die...

.....[.######..........# #####.##
#....>.....# #.# ##.#.##.####
#.## #.......############ #..##
#.#####............. ##..### #.#
#####.........
#######...####.#####......###>###
...............>{.........#....#
#..............F@..............#
#..................#.#.........#
#..#..#...#..#.............#...#
#.#....#.#....#....#.#....#....#
####################.#########.#
###.###...###.## ##.##..#..###.#
##.#...###.#.#.###.#####.##.##.##
##.########.###...####..####.#..#
###.##..##.## ####.##.######.##.#


You could see Prince Ribbit.

Vanquished Creatures
  A black bear (D:4)
  An ogre (D:4)
  A centaur (D:4)
  2 jellies
  Ijyb (D:4)
  4 iguanas
  An orc wizard (D:4)
  7 adders
  An ufetubus (D:4)
  A dart slug (D:2)
  10 orcs
  3 bats
  7 endoplasms
  3 giant cockroaches
  3 goblins
  7 hobgoblins
  7 kobolds
  3 quokkas
  4 ball pythons
  4 frilled lizards
  A rat (D:2)
72 creatures vanquished.

Notes
Turn   | Place    | Note
-------+----------+-------------------------------------------
     0 | D:1      | duskshroud the Minotaur Berserker began the quest for the
                  | Orb.
     0 | D:1      | Reached XP level 1. HP: 19/19 MP: 0/0
    85 | D:1      | Found a faded altar of an unknown god.
   212 | D:1      | Reached XP level 2. HP: 27/27 MP: 1/1
   981 | D:2      | Reached XP level 3. HP: 34/34 MP: 2/2
  1439 | D:3      | Reached ** piety under Trog
  1911 | D:4      | Reached skill level 5 in Fighting
  1911 | D:4      | Reached skill level 5 in Axes
  1911 | D:4      | Reached XP level 4. HP: 42/42 MP: 3/3
  1912 | D:4      | Noticed Ijyb
  1918 | D:4      | Killed Ijyb
  2019 | D:4      | Reached XP level 5. HP: 48/48 MP: 4/4
  2162 | D:4      | Noticed a black bear
  2165 | D:4      | Noticed a centaur
  2166 | D:4      | Killed a black bear
  2167 | D:4      | Reached XP level 6. HP: 57/57 MP: 5/5
  2493 | D:4      | Reached XP level 7. HP: 58/66 MP: 6/6
  2789 | D:5      | Entered Level 5 of the Dungeon
  2825 | D:5      | Noticed Prince Ribbit
  2849 | D:5      | HP: 2/66 [Prince Ribbit (10)]
  2852 | D:4      | Slain by Prince Ribbit

Illustrated notes

Levels and vault maps discovered:
D:1:      giann_horns, layout_basic, hellmonk_ecumenical_altar_slurped_away,
          serial_bayou, serial_bayou_pond_e, serial_bayou_lagoon_a,
          serial_bayou_shore_b, serial_bayou_shore_b, minmay_curled_crystal,
          feat_on_display
D:2:      layout_basic, amethyst_killhole
D:3:      layout_basic, nicolae_overflow_crystal_walls,
          yredelemnul_altar_generic, minmay_fractal_squares_5
D:4:      wad_river_or_something, layout_rooms, uniq_ijyb
D:5:      layout_loops_ring, mainiacjoe_overflow_tiny_flanked, temple_pool_b,
          enter_ossuary_5, uniq_duvessa, uniq_prince_ribbit1

Skill      XL: |  1  2  3  4  5  6 |
---------------+-------------------+-----
Fighting       | 4 5 6 7 |  7.5
Axes           | 4 5 6 7 |  7.5
Armour         | |  2.4
Dodging        | |  2.1

Action                     |  1- 3 |  4- 6 |  7- 9 || total
---------------------------+-------+-------+-------++-------
  Melee: Hand axe          |    77 |       |       ||    77
         Headbutt          |    19 |     9 |     2 ||    30
         Dire flail        |    10 |    73 |    23 ||   106
 Invoke: Berserk           |       |     3 |     1 ||     4
    Use: Potion            |       |       |     2 ||     2
 Armour: Ring mail         |    40 |    29 |    25 ||    94
  Dodge: Dodged            |    48 |    40 |    26 ||   114

Table legend: (Time is in decaauts)
 A = Elapsed time spent in this place.
 B = Non-inter-level travel time spent in this place.
 C = Inter-level travel time spent in this place.
 D = Time resting spent in this place.
 E = Time spent auto-exploring this place.
 F = Levels seen in this place.
 G = Mean time per level.
                   A        B        C        D        E       F      G
               +--------+--------+--------+--------+--------+-----+--------+
         Total |   2908 |   2738 |    170 |    183 |   1980 |   5 |  581.6 |
       Dungeon |   2908 |   2738 |    170 |    183 |   1980 |   5 |  581.6 |
               +--------+--------+--------+--------+--------+-----+--------+

Top non-repeatable levels by time:
     D:1: 913 daAuts
     D:4: 871 daAuts
     D:2: 536 daAuts
     D:3: 519 daAuts
     D:5: 68 daAuts
